 Dungeon Crawl Stone Soup version 0.20.1-1-g8b1a95d (webtiles) character file.

314076 Monsterracer the Executioner (level 20, 0/200 HPs)
             Began as a Black Draconian Assassin on Aug 19, 2017.
             Was the Champion of Trog.
             Slain by a stone giant (37 damage)
             ... on level 4 of the Vaults.
             The game lasted 01:39:43 (52947 turns).

Monsterracer the Executioner (DrAs)                Turns: 52947, Time: 01:39:44

Health: 0/200      AC: 20    Str: 17    XL:     20   Next: 82%
Magic:  20/20      EV: 25    Int: 16    God:    Trog [******]
Gold:   1516       SH:  3    Dex: 17    Spells: 19/19 levels left

rFire    . . .     SeeInvis .   a - +6 executioner's axe (freeze)
rCold    + . .     Gourm    .   (shield currently unavailable)
rNeg     . . .     Faith    .   (armour unavailable)
rPois    .         Spirit   .   x - +2 hat {Int+3}
rElec    +         Reflect  +   c - +2 cloak
rCorr    .         Harm     .   v - +2 pair of gloves
MR       ++...                  p - +0 pair of boots
Stlth    ++++......             w - +3 amulet of reflection
Regen    0.5/turn               I - ring of protection from magic
MPRegen  0.2/turn               y - +6 ring of slaying

@: berserk cooldown, flying, slowed, studying Polearms, very slow
A: breathe lightning, unfitting armour, antennae 1, big wings, cold resistance
1, shaggy fur 1, electricity resistance, cold-blooded, AC +10
}: 1/15 runes: decaying
a: Breathe Lightning, Stop Flying, Berserk, Trog's Hand, Brothers in Arms, Burn
Spellbooks, Renounce Religion


You were on level 4 of the Vaults.
You worshipped Trog.
Trog was exalted by your worship.
You were hungry.

You visited 7 branches of the dungeon, and saw 35 of its levels.
You also visited: Labyrinth.

You collected 3316 gold pieces.
You spent 1800 gold pieces at shops.

Inventory:

Hand Weapons
 a - a +6 executioner's axe of freezing (weapon)
Armour
 c - a +2 cloak (worn)
 p - a +0 pair of boots (worn)
 v - a +2 pair of gloves (worn)
 x - a +2 hat of intelligence (worn)
Jewellery
 w - a +3 amulet of reflection (around neck)
 y - a +6 ring of slaying (right hand)
 z - an uncursed ring of poison resistance
 C - an uncursed ring of protection from cold
 H - the ring "Baxaiwiaff" {rElec rF+}
   (You found it on level 2 of the Lair of Beasts)

   [ring of protection from fire]

   It protects you from fire.
   It insulates you from electricity.
 I - a ring of protection from magic (left hand)
Wands
 j - a wand of clouds (4/9)
 K - a wand of digging (18/24)
 N - a wand of digging (15/24)
 P - a wand of clouds (4/9)
Scrolls
 g - 12 scrolls of identify
 o - a scroll of fog
 q - 5 scrolls of magic mapping
 s - a scroll of recharging
 D - 10 scrolls of remove curse
 E - 6 scrolls of blinking
 F - 12 scrolls of teleportation
 L - 2 scrolls of silence
 T - a scroll of summoning
Potions
 e - 3 potions of cancellation
 i - 13 potions of curing
 k - 2 potions of agility
 l - 2 potions of resistance
 m - a potion of ambrosia
 u - 2 potions of mutation
 B - 2 potions of invisibility
 G - 7 potions of heal wounds
 M - 4 potions of haste
Books
 J - a manual of Polearms
Comestibles
 b - 2 chunks of flesh
 f - 15 bread rations
 n - 14 royal jellies
 t - 15 meat rations


   Skills:
 + Level 21.9 Fighting
   Level 2.0 Short Blades
 * Level 22.5(22.7) Axes
   Level 5.5(16.2) Maces & Flails
 - Level 4.0 Throwing
 + Level 16.3 Dodging
 - Level 7.5 Stealth


You had 19 spell levels left.
You didn't know any spells.

Dungeon Overview and Level Annotations

Branches:
Dungeon (15/15)            Temple (1/1) D:4            Lair (6/6) D:8
  Swamp (4/4) Lair:4        Snake (3/4) Lair:2        Slime (0/5) Lair:5
    Orc (2/2) D:9             Elf (0/3) Orc:2        Vaults (4/5) D:13
  Crypt (0/3) Vaults:2     Depths (0/5) D:15

Altars:
Ashenzari
Cheibriados
Dithmenos
Elyvilon
Fedhas
Gozag
Hepliaklqana
Kikubaaqudgha
Makhleb
Nemelex Xobeh
Okawaru
Qazlal
Ru
Sif Muna
Trog
Uskayaw
Vehumet
Xom
Yredelemnul
Zin
The Shining One
Beogh

Shops:
D:10 *   D:12 (   D:13 =   Orc:2 =(*[   Vaults:1 =   Vaults:3 (

Annotations:
D:6 1 runed door


Innate Abilities, Weirdness & Mutations

You can breathe wild blasts of lightning.
Your glossy black scales are hard. (AC +10)
You cannot fit into any form of body armour.
Your large and strong wings let you fly indefinitely.
You are resistant to electric shocks. (rElec)
You are cold-blooded and may be slowed by cold attacks.
You have a pair of small antennae on your head.
Your flesh is cold resistant. (rC+)
You are covered in fur. (AC +1)


Message History

You block the wolf spider's attack.
Huge Dmg: -16%(-31hp) hp: 31%(62hp)
You cut the wolf spider into ribbons!!! You freeze the wolf spider.
You kill the wolf spider!
Trog accepts your kill. The yaktaur misses you.
You slash the yaktaur! You freeze the yaktaur.
The yaktaur is moderately wounded.
You closely miss the orc knight. The yaktaur completely misses you.
The orc knight hits you with a great sword!!
* * * LOW HITPOINT WARNING * * *
Huge Dmg: -12%(-23hp) hp: 20%(40hp)
You slice the yaktaur!! You freeze the yaktaur!
You kill the yaktaur!
Trog accepts your kill.
You hit the orc knight. You freeze the orc knight.
The orc knight hits you with a great sword.
* * * LOW HITPOINT WARNING * * *
The stone giant hits you!!!
You die...

)........# )........#
........## ......###
......# ......# .....(#
..###################p##
..'..(..)((.)†.)@C......
.####..##..##..##o.##..#
## #).##..##..# ..#
############ ###


You could see an ironheart preserver, a stone giant and an orc knight.

Vanquished Creatures
  Saint Roka (Orc:2)
  Vashnia (Snake:3)
  Rupert (Lair:3)
  Jorgrun (Swamp:3)
  The ghost of TepidLee the Severer, an adept MiFi of the Shining One (D:13)
  Frances (Snake:1)
  2 thorn hunters (Swamp:4)
  Gastronok (Lair:3)
  A tengu reaver (Vaults:3)
  Kirke (Swamp:2)
  A storm dragon (Vaults:4)
  Donald (Swamp:2)
  A nagaraja (Snake:3)
  An orc warlord (Orc:2)
  A deep elf sorcerer (Vaults:3)
  Aizul (Snake:2)
  7 vault wardens
  13 ironheart preservers
  3 stone giants
  An entropy weaver (Vaults:3)
  A deep elf demonologist (Vaults:3)
  A deep elf annihilator (Vaults:3)
  4 dire elephants (Lair:6)
  An ettin (Vaults:3)
  3 deep elf death magi (Vaults:3)
  3 fire dragons
  A minotaur (Lab)
  3 great orbs of eyes (Vaults:1)
  23 hydras
  16 naga warriors
  8 yaktaur captains
  3 vault guards
  The ghost of dscm the Cleaver, a journeyman DsGl of Uskayaw (Lair:1)
  2 rakshasas
  19 anacondas
  2 ice dragons (Vaults:2)
  A ghost crab (Swamp:3)
  8 centaur warriors
  11 ogre magi
  50 two-headed ogres
  3 death knights
  2 deep troll shamans
  2 deep troll earth magi
  3 alligators
  The ghost of tidbits the Martial Artist, a novice DgTm (D:11)
  2 orc high priests
  5 deep elf knights
  13 naga sharpshooters
  5 shock serpents
  2 salamander mystics
  3 skeletal warriors (Vaults:2)
  A flayed ghost (Vaults:2)
  A death drake (shapeshifter) (Vaults:1)
  22 deep trolls
  3 wizards
  7 swamp dragons
  A lindwurm (shapeshifter) (Vaults:4)
  4 unseen horrors
  2 spriggan druids
  13 naga ritualists
  14 ironbrand convokers
  A necromancer (Vaults:3)
  3 shambling mangroves
  A phantasmal warrior (Vaults:3)
  5 deep elf archers
  25 ugly things
  15 orc knights
  14 mana vipers
  7 harpies (Vaults:3)
  A wolf spider zombie (D:14)
  17 deep elf magi
  A frost giant zombie (Vaults:3)
  12 salamanders
  6 orc sorcerers
  7 wolf spiders
  4 cyclopes
  16 elephants
  A manticore (D:15)
  A human zombie (Vaults:3)
  2 rust devils (D:8)
  Joseph (D:7)
  55 black mambas
  8 guardian serpents
  Maurice (D:10)
  19 naga magi
  Psyche (D:8)
  A gargoyle (D:15)
  8 spiny frogs
  2 rime drakes
  A rime drake (shapeshifter) (Vaults:1)
  An efreet (D:15)
  9 freezing wraiths
  6 vault sentinels
  33 yaktaurs
  11 komodo dragons
  A wind drake (shapeshifter) (Vaults:3)
  7 tyrant leeches
  A merfolk (shapeshifter) (D:15)
  10 trolls
  13 hornets
  31 slime creatures
  6 bog bodies
  A jumping spider (Vaults:3)
  2 polar bears
  The ghost of Monsterracer the Conjurer, an amateur DrWz (D:3)
  13 blink frogs
  A human simulacrum (Vaults:1)
  A raiju (shapeshifter) (Vaults:3)
  18 dream sheep (Lair:6)
  13 hippogriffs
  Sigmund (D:6)
  2 redbacks (Lab)
  4 spriggans
  2 shadows
  40 yaks
  A tarantella (Vaults:3)
  8 hogs
  A vampire (D:15)
  4 wraiths
  Eustachio (D:6)
  7 wyverns
  A hungry ghost (D:7)
  A basilisk (Lair:1)
  A basilisk (shapeshifter) (Vaults:3)
  14 vampire mosquitoes
  A human (D:8)
  A steam dragon (D:11)
  18 insubstantial wisps
  12 wargs
  2 acid dragons
  54 nagas
  15 swamp worms
  14 water moccasins
  12 swamp drakes
  7 porcupines
  3 ice beasts
  6 sky beasts
  50 orc warriors
  An eye of draining (shapeshifter) (D:13)
  An elf zombie (Vaults:3)
  A black bear (shapeshifter) (D:15)
  4 phantoms
  An eye of draining (D:11)
  37 wolves
  36 ogres
  21 centaurs
  3 boggarts (Vaults:2)
  14 crocodiles
  12 bullfrogs
  A big kobold (D:9)
  A wyvern zombie (D:13)
  A gnoll sergeant (D:5)
  A water moccasin zombie (D:6)
  A wyvern skeleton (D:15)
  7 killer bees
  5 electric eels
  8 wights
  6 howler monkeys
  3 jellies
  A lava snake (D:9)
  A crimson imp (D:7)
  2 bullfrog zombies
  14 hounds
  A quasit (D:7)
  3 centaur skeletons
  25 orc priests
  28 orc wizards
  2 bullfrog skeletons
  Ijyb (D:3)
  3 iguanas
  10 worker ants
  A killer bee zombie (D:9)
  A worker ant zombie (D:11)
  7 gnolls
  18 adders
  2 shadow imps
  2 oozes
  2 adder skeletons
  10 dart slugs
  A worm (D:2)
  6 leopard geckos
  101 orcs
  4 ball pythons
  6 giant cockroaches
  5 goblins
  10 hobgoblins
  11 jackals
  20 kobolds
  3 quokkas
  2 bats (D:3)
  3 frilled lizards (D:1)
  A leopard gecko skeleton (D:4)
  A quokka zombie (D:5)
  9 rats
  5 fungi
  9 plants
1505 creatures vanquished.

Vanquished Creatures (collateral kills)
  A dire elephant (Lair:6)
  A hydra (Lair:1)
  An orc (Orc:2)
  A butterfly (Lair:6)
4 creatures vanquished.

Vanquished Creatures (others)
  An anaconda (Snake:2)
  A shadow wraith (Vaults:2)
  A deep elf archer (Vaults:2)
  A yaktaur (Vaults:1)
  A phantom (D:13)
  An orc (Vaults:3)
  16 fungi
  8 plants
30 creatures vanquished.

Grand Total: 1539 creatures vanquished

Notes
Turn   | Place    | Note
-------+----------+-------------------------------------------
     0 | D:1      | Monsterracer the Draconian Assassin began the quest for the Orb.
     0 | D:1      | Reached XP level 1. HP: 17/17 MP: 1/1
   233 | D:1      | Reached XP level 2. HP: 26/26 MP: 2/2
   312 | D:1      | Reached skill level 1 in Maces & Flails
   570 | D:1      | Reached XP level 3. HP: 31/31 MP: 3/3
   685 | D:2      | Reached skill level 1 in Dodging
  1029 | D:2      | Reached XP level 4. HP: 40/40 MP: 4/4
  1432 | D:3      | Noticed Ijyb
  1451 | D:3      | Killed Ijyb
  1617 | D:3      | Found a faded altar of an unknown god.
  1640 | D:3      | Noticed Monsterracer's ghost (amateur DrWz)
  1654 | D:3      | Killed Monsterracer's ghost
  1654 | D:3      | Reached skill level 5 in Fighting
  1654 | D:3      | Reached XP level 5. HP: 50/50 MP: 5/5
  1654 | D:3      | Reached XP level 6. HP: 57/57 MP: 6/6
  1746 | D:3      | HP: 25/57 [gnoll/spear (4)]
  1979 | D:3      | Became a worshipper of Elyvilon the Healer
  1979 | D:3      | Reached * piety under Elyvilon
  2645 | D:4      | Found a staircase to the Ecumenical Temple.
  2664 | Temple   | Entered the Ecumenical Temple
  2664 | Temple   | Reached ** piety under Elyvilon
  2966 | Temple   | Fell from the grace of Elyvilon
  2966 | Temple   | Became a worshipper of Trog the Wrathful
  2996 | D:4      | Your scales start taking on a glossy black colour.
  2996 | D:4      | Reached XP level 7. HP: 64/64 MP: 7/7
  2996 | D:4      | Gained mutation: You are resistant to electric shocks. (rElec) [Black Draconian growth]
  3143 | D:4      | Found a blossoming altar of Fedhas.
  3533 | D:4      | Found a blossoming altar of Fedhas.
  3754 | D:5      | Entered Level 5 of the Dungeon
  3786 | D:5      | Found a radiant altar of Vehumet.
  4580 | D:5      | Gained mutation: You are covered in fur. (AC +1) [mutagenic meat]
  4581 | D:5      | Gained mutation: You have a pair of small antennae on your head. [mutagenic meat]
  4582 | D:5      | Gained mutation: You are frail. (-10% HP) [mutagenic meat]
  4583 | D:5      | Lost mutation: You are frail. (-10% HP) [mutagenic meat]
  4584 | D:5      | Gained mutation: Your flesh is cold resistant. (rC+) [mutagenic meat]
  4665 | D:5      | Reached XP level 8. HP: 62/73 MP: 8/8
  4672 | D:5      | Reached * piety under Trog
  4964 | D:6      | Noticed an angel
  4983 | D:6      | Reached skill level 5 in Dodging
  5116 | D:6      | Noticed Eustachio
  5209 | D:6      | Killed Eustachio
  5289 | D:6      | Noticed Sigmund
  5292 | D:6      | Reached skill level 5 in Maces & Flails
  5335 | D:6      | Killed Sigmund
  5335 | D:6      | Reached XP level 9. HP: 81/81 MP: 9/9
  5397 | D:6      | Found a white marble altar of Elyvilon.
  5398 | D:6      | Found a runed door.
  5874 | D:6      | Reached ** piety under Trog
  6089 | D:6      | Reached skill level 1 in Axes
  6439 | D:7      | Noticed Joseph
  6452 | D:7      | Killed Joseph
  6452 | D:7      | Reached skill level 3 in Axes
  6607 | D:7      | Got a warped copper ring
  6616 | D:7      | Identified the ring of Ziprucil {MP+9 Stlth-} (You found it on level 7 of the Dungeon)
  6735 | D:7      | Reached skill level 4 in Axes
  7257 | D:8      | Found a staircase to the Lair.
  7281 | D:7      | Noticed a rust devil
  7281 | D:7      | Noticed a rust devil
  7301 | D:8      | Killed a rust devil
  7301 | D:8      | Reached skill level 5 in Axes
  7349 | D:8      | Reached *** piety under Trog
  7349 | D:8      | Reached XP level 10. HP: 91/91 MP: 10/10
  7350 | D:8      | Killed a rust devil
  7503 | D:8      | Noticed Psyche
  7513 | D:8      | Killed Psyche
  7513 | D:8      | Reached skill level 6 in Axes
  8114 | D:8      | Reached skill level 10 in Fighting
  8114 | D:8      | Reached skill level 7 in Axes
  8681 | D:9      | Noticed a two-headed ogre
  8692 | D:9      | Killed a two-headed ogre
  8692 | D:9      | Reached skill level 8 in Axes
  8711 | D:9      | Found a shadowy altar of Dithmenos.
  8872 | D:9      | Reached **** piety under Trog
  8963 | D:9      | Found a staircase to the Orcish Mines.
  9281 | D:9      | Reached XP level 11. HP: 101/101 MP: 11/11
  9450 | D:10     | Entered Level 10 of the Dungeon
  9510 | D:10     | Killed an unseen horror
  9676 | D:10     | Noticed a two-headed ogre
  9687 | D:10     | Killed a two-headed ogre
  9687 | D:10     | Reached skill level 9 in Axes
 10049 | D:10     | Noticed Maurice
 10188 | D:10     | Killed Maurice
 10459 | D:10     | Found Mearphemu's General Store.
 10476 | D:10     | Bought a scroll of blinking for 75 gold pieces
 10716 | D:10     | Got an ivory hand axe
 10717 | D:10     | Identified the +10 hand axe of Xyluhop {drain, rElec rPois rF+ MR-} (You found it on level 10 of the Dungeon)
 10838 | Lair:1   | Entered Level 1 of the Lair of Beasts
 10877 | Lair:1   | Noticed dscm's ghost (journeyman DsGl)
 10885 | Lair:1   | Killed dscm's ghost
 11356 | Lair:1   | Reached skill level 10 in Axes
 11382 | Lair:1   | HP: 46/104 [wolf (9)]
 11391 | Lair:1   | HP: 62/156 [wolf (7)]
 11396 | Lair:1   | HP: 62/156 [wolf (1)]
 11406 | Lair:1   | HP: 39/105 [wolf (4)]
 11747 | Lair:1   | Noticed a six-headed hydra
 11762 | Lair:1   | HP: 46/105 [seven-headed hydra (11)]
 11767 | Lair:1   | Received a gift from Trog
 11857 | Lair:1   | HP: 50/105 [basilisk (3)]
 11862 | Lair:1   | Reached XP level 12. HP: 56/113 MP: 12/12
 12540 | Lair:1   | Killed a seven-headed hydra
 13415 | Lair:2   | Reached skill level 11 in Axes
 13419 | Lair:2   | Got a faintly glowing pewter ring
 13421 | Lair:2   | Identified the ring "Baxaiwiaff" {rElec rF+} (You found it on level 2 of the Lair of Beasts)
 13435 | Lair:2   | Received a gift from Trog
 13747 | Lair:2   | Noticed a four-headed hydra
 13758 | Lair:2   | Found a staircase to the Snake Pit.
 13788 | Lair:2   | Killed a four-headed hydra
 14350 | Lair:3   | Noticed Gastronok
 14359 | Lair:3   | Killed Gastronok
 14359 | Lair:3   | Received a gift from Trog
 14359 | Lair:3   | Reached skill level 12 in Axes
 14359 | Lair:3   | Reached skill level 10 in Dodging
 14481 | Lair:3   | Noticed Rupert
 14500 | Lair:3   | Killed Rupert
 14500 | Lair:3   | Reached XP level 13. HP: 115/124 MP: 13/13
 14818 | Lair:4   | Found a staircase to the Swamp.
 14905 | Lair:4   | HP: 57/124 [nine-headed hydra (13)]
 14913 | Lair:4   | HP: 45/124 [nine-headed hydra (6)]
 14923 | Lair:4   | HP: 94/279 [nine-headed hydra (6)]
 15418 | Lair:4   | HP: 61/125 [poisoned by a wolf spider]
 15423 | Lair:4   | HP: 60/125 [poisoned by a wolf spider]
 15428 | Lair:4   | HP: 60/125 [poisoned by a wolf spider]
 15876 | Lair:4   | HP: 90/187 [six-headed hydra (6)]
 15882 | Lair:4   | HP: 78/187 [black mamba (2)]
 16235 | Lair:4   | Identified the +7 whip "Zaunen" {freeze, Dex+2} (You found it on level 4 of the Lair of Beasts)
 16561 | Lair:5   | Reached skill level 13 in Axes
 17029 | Lair:5   | Found a staircase to the Slime Pits.
 17330 | Lair:6   | Entered Level 6 of the Lair of Beasts
 17675 | Lair:6   | Reached skill level 15 in Fighting
 17677 | Lair:6   | Reached ***** piety under Trog
 17880 | Lair:6   | Received a gift from Trog
 18249 | Lair:6   | Gained mutation: Your large and strong wings let you fly indefinitely. [Black Draconian growth]
 18249 | Lair:6   | Reached XP level 14. HP: 135/135 MP: 14/14
 18470 | Lair:6   | HP: 59/135 [blink frog (11)]
 18834 | Lair:6   | Reached skill level 14 in Axes
 18842 | Lair:6   | HP: 80/202 [dire elephant (37)]
 19843 | Orc:1    | Entered Level 1 of the Orcish Mines
 20712 | Orc:2    | Entered Level 2 of the Orcish Mines
 20838 | Orc:2    | Noticed Saint Roka
 21186 | Orc:2    | HP: 98/205 [Saint Roka/battleaxe (41)]
 21191 | Orc:2    | HP: 46/137 [Saint Roka/divine providence (16)]
 21196 | Orc:2    | HP: 33/137 [Saint Roka/divine providence (12)]
 21679 | Orc:2    | Killed Saint Roka
 21707 | Orc:2    | HP: 62/138 [orc knight/battleaxe (18)]
 22147 | Orc:2    | Found a roughly hewn altar of Beogh.
 22161 | Orc:2    | Found Veapnouss's Antique Armour Boutique.
 22172 | Orc:2    | Found Dateij's Antique Weapon Boutique.
 22285 | Orc:2    | Reached skill level 15 in Axes
 22357 | Orc:2    | Received a gift from Trog
 22364 | Orc:2    | Found a staircase to the Elven Halls.
 22387 | Orc:2    | Found Cuoch's General Store.
 22611 | Orc:2    | Noticed an orc warlord
 22635 | Orc:2    | Killed an orc warlord
 22895 | Orc:2    | Found Miqil's Jewellery Boutique.
 23051 | D:11     | Noticed tidbits's ghost (novice DgTm)
 23066 | D:11     | Killed tidbits's ghost
 23066 | D:11     | Received a gift from Trog
 23307 | D:11     | Reached XP level 15. HP: 146/146 MP: 15/15
 23460 | D:11     | Received a gift from Trog
 23483 | D:11     | Found a shadowy altar of Dithmenos.
 24238 | D:12     | Found Emnum's Antique Weapon Shoppe.
 24250 | D:12     | Identified a scroll of acquirement
 24253 | D:12     | Got a shimmering broad axe
 24254 | D:12     | Identified the +1 broad axe of Equivalence {drain, rC+} (You acquired it on level 12 of the Dungeon)
 24553 | D:13     | Reached ****** piety under Trog
 24644 | D:13     | Noticed TepidLee's ghost (adept MiFi)
 24659 | D:13     | Killed TepidLee's ghost
 24741 | D:13     | You are sucked into a shaft!
 24863 | D:14     | Found a labyrinth entrance.
 24868 | Lab      | Entered a labyrinth
 25368 | D:13     | Found Ydaptef's Jewellery Shop.
 25369 | D:13     | Received a gift from Trog
 25390 | D:13     | HP: 107/220 [yaktaur/bolt (12)]
 25414 | D:13     | Bought a +6 ring of slaying for 1725 gold pieces
 25539 | D:13     | Found a gate to the Vaults.
 25797 | D:13     | Reached skill level 16 in Axes
 26581 | D:15     | Entered Level 15 of the Dungeon
 26753 | D:15     | Found a staircase to the Depths.
 27647 | Swamp:1  | Entered Level 1 of the Swamp
 27843 | Swamp:1  | Received a gift from Trog
 28472 | Swamp:1  | Reached XP level 16. HP: 153/157 MP: 16/16
 28811 | Swamp:2  | Noticed Kirke
 28815 | Swamp:2  | Killed Kirke
 29161 | Swamp:2  | Noticed Donald
 29170 | Swamp:2  | Killed Donald
 29881 | Swamp:3  | Noticed Jorgrun
 29891 | Swamp:3  | Killed Jorgrun
 29891 | Swamp:3  | Reached skill level 17 in Axes
 30481 | Swamp:3  | Received a gift from Trog
 30502 | Swamp:3  | Identified the +5 broad axe of Trog's Hatred {chop, +Inv MR- Int+2} (Trog gifted it to you on level 3 of the Swamp)
 30733 | Swamp:4  | Entered Level 4 of the Swamp
 30760 | Swamp:4  | Noticed a thorn hunter
 30768 | Swamp:4  | Killed a thorn hunter
 31118 | Swamp:4  | HP: 79/159 [swamp dragon (12)]
 31122 | Swamp:4  | HP: 35/159 [five-headed hydra (8)]
 31122 | Swamp:4  | HP: 13/159 [shambling mangrove (22)]
 31130 | Swamp:3  | HP: 35/159 [poisoned by a swamp dragon (blast of poison)]
 31138 | Swamp:3  | HP: 43/159 [poisoned by a swamp dragon (blast of poison)]
 31198 | Swamp:3  | HP: 63/159 [five-headed hydra (7)]
 31203 | Swamp:3  | HP: 42/159 [five-headed hydra (7)]
 31275 | Swamp:3  | HP: 66/159 [four-headed hydra (1)]
 31822 | Swamp:4  | Noticed a thorn hunter
 31826 | Swamp:4  | Killed a thorn hunter
 32182 | Swamp:4  | Got a decaying rune of Zot
 32499 | Swamp:4  | Received a gift from Trog
 33152 | Swamp:4  | Reached skill level 18 in Axes
 33187 | Swamp:2  | Paralysed by a hornet for 3 turns
 33404 | Snake:1  | Entered Level 1 of the Snake Pit
 33564 | Snake:1  | HP: 76/159 [naga sharpshooter/bolt (17)]
 33752 | Snake:1  | Noticed Frances
 33761 | Snake:1  | Killed Frances
 33944 | Snake:1  | Reached XP level 17. HP: 142/166 MP: 17/17
 34227 | Snake:1  | HP: 105/252 [naga sharpshooter/bolt (31)]
 34232 | Snake:1  | HP: 78/252 [naga sharpshooter/arrow (6)]
 34238 | Snake:1  | HP: 43/168 [poisoned by a naga ritualist]
 34243 | Snake:1  | HP: 42/168 [poisoned by a naga sharpshooter (splash of poison)]
 34248 | Snake:1  | HP: 42/168 [poisoned by a naga sharpshooter (splash of poison)]
 34254 | Snake:1  | HP: 44/168 [poisoned by a naga sharpshooter (splash of poison)]
 34678 | Snake:1  | HP: 59/168 [naga warrior/battleaxe (29)]
 34683 | Snake:1  | HP: 49/252 [naga warrior/battleaxe (3)]
 34853 | Snake:1  | HP: 80/168 [naga/long sword (12)]
 35178 | Snake:1  | Reached skill level 5 in Stealth
 35282 | Snake:1  | Received a gift from Trog
 35518 | Snake:2  | HP: 81/168 [salamander/glaive (11)]
 35523 | Snake:2  | HP: 78/168 [poisoned by a naga ritualist (toxic radiance)]
 35528 | Snake:2  | HP: 67/168 [poisoned by a naga ritualist (toxic radiance)]
 35533 | Snake:2  | HP: 64/168 [poisoned by a naga ritualist (toxic radiance)]
 35538 | Snake:1  | HP: 63/168 [poisoned by a naga ritualist (toxic radiance)]
 35544 | Snake:1  | HP: 63/168 [poisoned by a naga ritualist (toxic radiance)]
 35552 | Snake:1  | HP: 64/168 [poisoned by a naga ritualist (toxic radiance)]
 35664 | Snake:1  | HP: 75/168 [naga warrior/battleaxe (20)]
 35978 | Snake:2  | HP: 126/252 [anaconda (1)]
 35984 | Snake:2  | HP: 122/252 [poisoned by a naga ritualist (toxic radiance)]
 35989 | Snake:2  | HP: 121/252 [poisoned by a naga ritualist (toxic radiance)]
 35994 | Snake:2  | HP: 79/168 [poisoned by a naga ritualist (toxic radiance)]
 35999 | Snake:2  | HP: 57/168 [poisoned by a naga ritualist (toxic radiance)]
 36002 | Snake:2  | HP: 19/168 [naga/scimitar (20)]
 36008 | Snake:1  | HP: 20/168 [poisoned by a naga ritualist (toxic radiance)]
 36189 | Snake:1  | HP: 82/168 [salamander/halberd (9)]
 36198 | Snake:1  | HP: 74/168 [poisoned by a naga warrior (splash of poison)]
 36204 | Snake:1  | HP: 72/252 [naga warrior/short sword (4)]
 36212 | Snake:1  | HP: 35/168 [poisoned by a naga warrior (splash of poison)]
 36217 | Snake:1  | HP: 36/168 [poisoned by a naga warrior (splash of poison)]
 36904 | Snake:1  | HP: 126/252 [poisoned by a naga ritualist (toxic radiance)]
 36910 | Snake:1  | HP: 81/168 [poisoned by a naga ritualist (toxic radiance)]
 36915 | Snake:1  | HP: 75/168 [poisoned by a naga ritualist (toxic radiance)]
 36921 | Snake:1  | HP: 73/168 [poisoned by a naga ritualist (toxic radiance)]
 36926 | Snake:1  | HP: 73/168 [poisoned by a naga ritualist (toxic radiance)]
 36931 | Snake:1  | HP: 74/168 [poisoned by a naga ritualist (toxic radiance)]
 38020 | Snake:3  | Received a gift from Trog
 38020 | Snake:3  | Reached skill level 19 in Axes
 38154 | Snake:3  | Noticed Aizul
 38360 | Snake:2  | Killed Aizul
 38912 | Snake:3  | Received a gift from Trog
 39315 | Snake:3  | HP: 77/168 [naga warrior/short sword (16)]
 39320 | Snake:3  | HP: 90/252 [naga warrior/short sword (8)]
 39325 | Snake:3  | HP: 70/252 [poisoned by a nagaraja (bolt of poison)]
 39331 | Snake:3  | HP: 48/168 [poisoned by a nagaraja (bolt of poison)]
 39832 | Snake:3  | HP: 84/168 [poisoned by a naga mage (bolt of poison)]
 39839 | Snake:3  | HP: 84/168 [poisoned by a naga mage (bolt of poison)]
 39846 | Snake:3  | HP: 84/168 [poisoned by a naga mage (bolt of poison)]
 40114 | Snake:3  | HP: 79/168 [naga sharpshooter/arrow (13)]
 40120 | Snake:3  | HP: 69/168 [poisoned by a naga sharpshooter (splash of poison)]
 40126 | Snake:3  | HP: 62/168 [poisoned by a naga sharpshooter (splash of poison)]
 40131 | Snake:3  | HP: 62/168 [poisoned by a naga sharpshooter (splash of poison)]
 40139 | Snake:3  | HP: 63/168 [poisoned by a naga sharpshooter (splash of poison)]
 40490 | Snake:3  | Reached XP level 18. HP: 176/176 MP: 11/18
 40644 | Snake:3  | HP: 87/177 [naga warrior/long sword of electrocution (14)]
 40649 | Snake:3  | HP: 86/177 [salamander mystic/quarterstaff (1)]
 40653 | Snake:3  | HP: 42/177 [naga warrior/long sword of electrocution (27)]
 40748 | Snake:3  | HP: 72/177 [anaconda (2)]
 40968 | Snake:3  | HP: 67/177 [naga sharpshooter/bolt (26)]
 40993 | Snake:3  | HP: 58/178 [black mamba (10)]
 41147 | Snake:3  | HP: 87/178 [anaconda (17)]
 41150 | Snake:3  | Received a gift from Trog
 41161 | Snake:3  | HP: 77/178 [black mamba (8)]
 41479 | Snake:3  | Noticed Vashnia
 41482 | Snake:3  | HP: 71/178 [Vashnia/bolt (31)]
 41488 | Snake:3  | HP: 38/178 [naga sharpshooter/bolt[Vashnia] (18)]
 41546 | Snake:2  | HP: 40/178 [naga mage/orb of energy (21)]
 41707 | Snake:2  | HP: 89/178 [naga ritualist/Olgreb's Toxic Radiance (1)]
 41712 | Snake:2  | HP: 87/178 [poisoned by a naga ritualist (toxic radiance)]
 41717 | Snake:2  | HP: 73/178 [poisoned by a naga ritualist (toxic radiance)]
 41722 | Snake:2  | HP: 73/178 [poisoned by a naga ritualist (toxic radiance)]
 41729 | Snake:2  | HP: 74/178 [poisoned by a naga ritualist (toxic radiance)]
 41737 | Snake:2  | HP: 75/178 [poisoned by a naga ritualist (toxic radiance)]
 42177 | Snake:2  | HP: 82/178 [naga sharpshooter/arrow[Vashnia] (13)]
 42514 | Snake:3  | HP: 83/178 [naga sharpshooter/bolt[Vashnia] (31)]
 42519 | Snake:2  | HP: 125/267 [poisoned by a naga sharpshooter (splash of poison)]
 42525 | Snake:2  | HP: 85/178 [poisoned by a naga sharpshooter (splash of poison)]
 42530 | Snake:2  | HP: 86/178 [poisoned by a naga sharpshooter (splash of poison)]
 42863 | Snake:3  | Killed Vashnia
 43418 | Vaults:1 | Entered Level 1 of the Vaults
 43418 | Vaults:1 | Found Caish's Jewellery Shoppe.
 43657 | Vaults:1 | Received a gift from Trog
 43659 | Vaults:1 | Reached skill level 20 in Axes
 43927 | Vaults:1 | HP: 89/178 [two-headed ogre/giant club (17)]
 43932 | Vaults:1 | HP: 82/178 [poisoned by an ogre mage (bolt of poison)]
 43937 | Vaults:1 | HP: 81/178 [poisoned by an ogre mage (bolt of poison)]
 43942 | Vaults:1 | HP: 81/178 [poisoned by an ogre mage (bolt of poison)]
 43949 | Vaults:1 | HP: 82/178 [poisoned by an ogre mage (bolt of poison)]
 43957 | Vaults:1 | HP: 83/178 [poisoned by an ogre mage (bolt of poison)]
 44386 | Vaults:1 | HP: 85/178 [ogre mage/halberd[an ironheart preserver] (7)]
 44706 | Vaults:1 | Received a gift from Trog
 44726 | Vaults:1 | HP: 110/267 [death knight/great sword (34)]
 44727 | Vaults:1 | Reached skill level 15 in Dodging
 44729 | Vaults:1 | HP: 46/178 [death knight/great sword (12)]
 45052 | Vaults:1 | HP: 89/178 [poisoned by a wolf spider]
 45057 | Vaults:1 | HP: 54/267 [poisoned by a wolf spider]
 45062 | Vaults:1 | HP: 32/267 [poisoned by a wolf spider]
 45067 | Vaults:1 | Reached XP level 19. HP: 25/185 MP: 19/19
 45067 | Vaults:1 | HP: 25/277 [poisoned by a wolf spider]
 45072 | Vaults:1 | HP: 15/185 [poisoned by a wolf spider]
 45077 | Vaults:1 | HP: 13/185 [poisoned by a wolf spider]
 45082 | Vaults:1 | HP: 12/185 [poisoned by a wolf spider]
 45087 | Vaults:1 | HP: 13/185 [poisoned by a wolf spider]
 45093 | Vaults:1 | HP: 15/185 [poisoned by a wolf spider]
 45518 | Vaults:1 | HP: 92/185 [poisoned by a wolf spider]
 45523 | Vaults:1 | HP: 72/185 [poisoned by a wolf spider]
 45528 | Vaults:1 | HP: 71/185 [poisoned by a wolf spider]
 45535 | Vaults:1 | HP: 71/185 [poisoned by a wolf spider]
 45542 | Vaults:1 | HP: 72/185 [poisoned by a wolf spider]
 45550 | Vaults:1 | HP: 73/185 [poisoned by a wolf spider]
 45967 | Vaults:1 | HP: 115/280 [yaktaur/bolt (28)]
 45974 | Vaults:1 | HP: 72/187 [yaktaur (7)]
 47330 | Vaults:2 | Found a staircase to the Crypt.
 47330 | Vaults:2 | Found a basalt altar of Yredelemnul.
 47331 | Vaults:2 | Found an ancient bone altar of Kikubaaqudgha.
 47703 | Vaults:2 | Reached skill level 21 in Axes
 48277 | Vaults:2 | Received a gift from Trog
 48546 | Vaults:2 | HP: 84/188 [deep elf knight/orb of energy (32)]
 48553 | Vaults:2 | HP: 97/282 [battlesphere[a deep elf mage] (15)]
 48561 | Vaults:2 | HP: 59/188 [yaktaur (7)]
 48568 | Vaults:2 | HP: 40/188 [yaktaur (11)]
 49178 | Vaults:2 | Paralysed by an ogre mage for 2 turns
 49187 | Vaults:2 | Paralysed by an ogre mage for 6 turns
 49453 | Vaults:3 | Received a gift from Trog
 50406 | Vaults:3 | Reached XP level 20. HP: 169/198 MP: 20/20
 50469 | Vaults:3 | Found Vouseam's Antique Weapon Emporium.
 50513 | Vaults:3 | Received a gift from Trog
 51027 | Vaults:3 | HP: 137/297 [yaktaur captain (21)]
 51032 | Vaults:3 | HP: 137/297 [poisoned by a deep elf annihilator (poison arrow)]
 51039 | Vaults:3 | HP: 91/198 [poisoned by a deep elf annihilator (poison arrow)]
 51045 | Vaults:3 | HP: 50/199 [poisoned by a deep elf annihilator (poison arrow)]
 51046 | Vaults:3 | HP: 16/199 [tengu reaver/long sword of protection (16)]
 51051 | Vaults:3 | HP: 26/199 [poisoned by a deep elf annihilator (poison arrow)]
 51054 | Vaults:3 | Received a gift from Trog
 51054 | Vaults:3 | Reached skill level 22 in Axes
 51509 | Vaults:3 | HP: 148/298 [entropy weaver (3)]
 51974 | Vaults:3 | Received a gift from Trog
 52922 | Vaults:4 | HP: 128/300 [vault warden/great sword of protection (42)]
 52932 | Vaults:4 | HP: 123/300 [freezing wraith (2)]
 52941 | Vaults:4 | HP: 92/300 [lindwurm (glowing shapeshifter)/blast of flame (29)]
 52946 | Vaults:4 | HP: 40/200 [orc knight/great sword (23)]
 52947 | Vaults:4 | Slain by a stone giant

Skill      XL: |  1  2  3  4  5  6  7  8  9 10 11 12 13 14 15 16 17 18 19 20 |
---------------+-------------------------------------------------------------+-----
Fighting       | 3 5 6 7 8 9 10 12 14 15 16 18 19 20 21 | 21.9
Maces & Flails | 1 2 3 5 |  5.5
Dodging        | 1 2 3 4 5 6 8 9 10 11 12 13 14 15 16 | 16.3
Throwing       | 3 4 |  4.0
Axes           | 5 8 10 12 13 15 16 18 19 20 21 22 | 22.5
Stealth        | 4 7 |  7.5
Short Blades   | |  2.0

Action                   |  1- 3 |  4- 6 |  7- 9 | 10-12 | 13-15 | 16-18 | 19-21 || total
-------------------------+-------+-------+-------+-------+-------+-------+-------++-------
Melee: Dagger            |    74 |    60 |       |       |       |       |       ||   134
       Tailslap          |    11 |    12 |    43 |    64 |   184 |   161 |   122 ||   597
       Flail             |       |    58 |    62 |       |       |       |       ||   120
       Morningstar       |       |       |   128 |     3 |    17 |       |       ||   148
       War axe           |       |       |   138 |   166 |       |       |       ||   304
       Battleaxe         |       |       |       |   305 |  1086 |       |   367 ||  1758
       Hand axe          |       |       |       |     7 |       |       |       ||     7
       Halberd           |       |       |       |     2 |       |       |       ||     2
       Whip              |       |       |       |       |    26 |    35 |       ||    61
       Executioner's axe |       |       |       |       |    11 |  1060 |   334 ||  1405
 Fire: Blowgun           |       |     4 |     6 |       |       |       |       ||    10
Throw: Tomahawk          |       |       |       |     3 |       |       |       ||     3
Invok: Berserk           |       |       |    10 |    22 |    30 |    28 |    17 ||   107
       Burn Spellbooks   |       |       |     2 |     1 |     5 |     3 |     2 ||    13
       Brothers in Arms  |       |       |       |     3 |     4 |     1 |       ||     8
       Trog's Hand       |       |       |       |     1 |     2 |     1 |     2 ||     6
 Abil: Breathe Lightning |       |       |       |     2 |     2 |     3 |     1 ||     8
       Fly               |       |       |       |       |     1 |       |       ||     1
Evoke: Wand              |       |       |       |       |       |     1 |     2 ||     3
  Use: Potion            |       |     2 |       |     1 |     3 |     3 |     2 ||    11
       Scroll            |       |     8 |    11 |     7 |    21 |     7 |     6 ||    60
 Stab: Sleeping          |     7 |     8 |     5 |     7 |    25 |    14 |     9 ||    75
       Invisible         |       |     2 |       |       |       |       |       ||     2
       Distracted        |       |       |       |     2 |     2 |     6 |     4 ||    14
  Eat: Chunk             |       |     6 |    28 |    40 |    70 |    48 |    40 ||   232
       Fruit             |       |       |       |     5 |     7 |    24 |       ||    36
       Meat ration       |       |       |       |       |       |     3 |       ||     3
Armor: Skin              |    16 |    20 |    80 |   156 |   303 |   332 |   147 ||  1054
Dodge: Dodged            |    34 |   115 |   338 |   474 |   979 |  1245 |   600 ||  3785
Block: Other             |       |       |       |       |       |   111 |    80 ||   191
       Reflection        |       |       |       |       |       |     6 |     6 ||    12
